 Dungeon Crawl Stone Soup version 0.31-a0-188-g5e087ee2ca (webtiles) character file.

Game seed: 2551749113776880416

59 qw the Shooter (level 3, -3/20 HPs)
             Began as a Deep Elf Hunter on June 23, 2023.
             Slain by a gnoll
             ... wielding a +0 halberd
              (7 damage)
             ... on level 4 of the Dungeon.
             The game lasted 00:00:22 (877 turns).

qw the Shooter (Deep Elf Hunter)                     Turns: 877, Time: 00:00:22

Health: -3/20      AC:  5    Str: 10    XL:     3   Next: 78%
Magic:  5/5        EV: 11    Int: 13    God:
Gold:   65         SH:  0    Dex: 18    Spells: 2/2 levels left

rFire   . . .        Y - +0 shortbow
rCold   . . .        (shield currently unavailable)
rNeg    . . .        h - +0 ring mail
rPois   .            (no helmet)
rElec   .            (no cloak)
rCorr   .            (no gloves)
SInv    .            (no boots)
Will    .....        (no amulet)
Stlth   +            (no ring)
HPRegen 0.23/turn    (no ring)
MPRegen 0.09/turn

%: no passive effects
@: no status effects
A: no striking features
a: no special abilities


You were on level 4 of the Dungeon.
You visited 1 branch of the dungeon, and saw 3 of its levels.

You collected 95 gold pieces.
You spent 30 gold pieces at shops.


   Skills:
 - Level 1.5 Fighting
 + Level 7.3 Ranged Weapons
 - Level 2.4 Dodging
 - Level 1.2 Stealth


You had 2 spell levels left.
You didn't know any spells.
Your spell library was empty.

Inventory:

Hand Weapons
 Y - a +0 shortbow (weapon)
Armour
 h - a +0 ring mail (worn)
Jewellery
 i - a ring of ice
Scrolls
 a - a scroll of identify
Potions
 b - a potion of haste {unknown}
 f - 3 potions of curing
 g - a potion of heal wounds
 j - a potion of mutation

Dungeon Overview and Level Annotations

Branches:
Dungeon (2/15)

Altars:

Shops:
D:1 *   D:2 =


Message History

A kobold comes into view. It is wielding a +0 short sword.
The kobold shouts!
You shoot an arrow. The arrow barely misses the kobold.
You shoot an arrow. The arrow hits the kobold.
You kill the kobold!
An orc comes into view. It is wielding a +0 club.
You shoot an arrow. The arrow barely misses the orc.
The orc shouts!
You shoot an arrow. The arrow hits the orc.
The orc is moderately wounded.
You shoot an arrow. The arrow closely misses the orc.
You shoot an arrow. The arrow hits the orc!
You kill the orc!
You now have 65 gold pieces (gained 14).
Things that are here:
a +0 club; an orc corpse A gnoll comes into view.
It is wielding a +0 halberd.
Found a stone staircase leading up.
A gnoll comes into view. It is wielding a +0 spear. x2
Things that are here:
a +0 short sword; 11 gold pieces
872 ||| Stepping ~*~*~tactically~*~*~ (outnumbered).
Things that are here:
a +0 club; an orc corpse You shoot an arrow.
The arrow hits the gnoll!
The gnoll is heavily wounded.
You shoot an arrow. The arrow closely misses the gnoll.
The gnoll hits you from afar with a +0 spear.
You shoot an arrow. The gnoll shouts!
The arrow hits the gnoll!
You kill the gnoll!
The gnoll hits you from afar with a +0 halberd!
You shoot an arrow. The arrow closely misses the gnoll.
The gnoll completely misses you.
You shoot an arrow. The arrow hits the gnoll!
The gnoll is heavily wounded.
The gnoll hits you from afar with a +0 halberd.
The gnoll hits you from afar with a +0 halberd!
You die...

..#####.###### ###
#......# .#. ##..###.#
... #....# .. ##...# # ..
##..##.# .## # # #.....#
..##
####...##>########...####
'...:...........@)).....+
####...##.########g..####
# ##. #.# .g## # #.# ....
#.# g###. .># .# # #.# <#
#. .#


You could see 2 gnolls.

Vanquished Creatures
  An adder (D:2)
  A gnoll (D:4)
  2 dart slugs
  An orc (D:4)
  4 bats (D:1)
  4 endoplasms (D:1)
  3 giant cockroaches (D:1)
  3 goblins
  4 hobgoblins (D:1)
  3 kobolds
  3 ball pythons
  4 rats (D:1)
33 creatures vanquished.

Notes
Turn   | Place    | Note
-------+----------+-------------------------------------------
     0 | D:1      | qw the Deep Elf Hunter began the quest for the Orb.
     0 | D:1      | Reached XP level 1. HP: 12/12 MP: 3/3
     0 | D:1      | 0 ||| qw: Version: 0.3-a-9-g12657ce
     0 | D:1      | 0 ||| qw: Game counter: 3992
     0 | D:1      | 0 ||| qw: Always use a shield: true
     0 | D:1      | 0 ||| qw: God list: Okawaru
     0 | D:1      | 0 ||| qw: Allow faded altars: false
     0 | D:1      | 0 ||| qw: Do Orc after D:15 true
     0 | D:1      | 0 ||| qw: Do second Lair branch before Depths: true
     0 | D:1      | 0 ||| qw: Lair rune preference: random
     0 | D:1      | 0 ||| qw: Plans: Normal
     0 | D:1      | 0 ||| PLANNING D:1-11
   143 | D:1      | Reached skill level 6 in Ranged Weapons
   143 | D:1      | Reached XP level 2. HP: 16/16 MP: 4/4
   255 | D:1      | Found Ymiy's General Store.
   269 | D:1      | 269 ||| SHOPLISTING +2 leather armour of willpower (190
                  | gold, have 32).
   269 | D:1      | 269 ||| BUYING potion of curing (30 gold).
   269 | D:1      | Bought a potion of curing for 30 gold pieces
   269 | D:1      | 269 ||| SHOPLISTING potion of heal wounds (50 gold, have
                  | 2).
   269 | D:1      | 269 ||| SHOPLISTING potion of might (40 gold, have 2).
   269 | D:1      | 269 ||| SHOPLISTING scroll of identify (20 gold, have 2).
   465 | D:1      | Reached XP level 3. HP: 20/20 MP: 5/5
   663 | D:1      | 663 ||| UPGRADING to +0 ring mail.
   673 | D:1      | 673 ||| DROPPING +0 leather armour.
   674 | D:1      | 674 ||| READING 4 scrolls labelled KIQALA SAMN.
   675 | D:1      | 675 ||| READING 2 scrolls labelled XURROE WUDWEYS.
   676 | D:1      | 676 ||| READING 3 scrolls of identify.
   676 | D:1      | 676 ||| IDENTIFYING emerald potion
   677 | D:1      | 677 ||| READING 2 scrolls of identify.
   677 | D:1      | 677 ||| IDENTIFYING ruby potion
   678 | D:1      | 678 ||| DROPPING scroll of butterflies.
   679 | D:1      | 679 ||| DROPPING scroll of immolation.
   789 | D:2      | Found Tueh's Jewellery Emporium.
   802 | D:2      | 802 ||| SHOPLISTING +6 ring of strength (360 gold, have
                  | 15).
   802 | D:2      | 802 ||| SHOPLISTING amulet of faith (400 gold, have 15).
   802 | D:2      | 802 ||| SHOPLISTING ring of poison resistance (200 gold,
                  | have 15).
   802 | D:2      | 802 ||| SHOPLISTING ring of positive energy (200 gold, have
                  | 15).
   802 | D:2      | 802 ||| SHOPLISTING ring of protection from cold (250 gold,
                  | have 15).
   805 | D:2      | You fall into a shaft and drop 2 floors!
   813 | D:4      | Reached skill level 7 in Ranged Weapons
   872 | D:4      | 872 ||| Stepping ~*~*~tactically~*~*~ (outnumbered).
   877 | D:4      | HP: 4/20 [gnoll/+0 halberd (6)]
   877 | D:4      | Slain by a gnoll

Levels and vault maps discovered:
D:1:      minmay_arrival_checkered_box, layout_basic, serial_shops, shop,
          minmay_pentomino_u2
D:2:      cheibrodos_pilgrimage, layout_basic,
          shapermc_ecumenical_altar_acropolis, serial_shops, shop, basic_altar,
          kennysheep_generic_room_14
D:4:      layout_loops_corners, overflow_temple_1_default

Skill      XL: |  1  2  3 |
---------------+----------+-----
Ranged Weapons | 6 7 |  7.3
Fighting       | |  1.5
Dodging        | |  2.4
Stealth        | |  1.2

Action                     || total
---------------------------++-------
   Fire: Shortbow          ||    77
    Use: Scroll            ||     4
 Armour: Leather armour    ||     8
  Dodge: Dodged            ||    18

Table legend:
 A = Non-vault XP
 B = Vault XP
 C = Vault XP percentage of total XP
 D = Non-vault monster count
 E = Vault monster count
 F = Vault count percentage of total count
                 A         B        C        D         E       F
            +---------+---------+-------+---------+---------+-------
      Total |      82 |       3 |   3.5 |      31 |       2 |   6.1
            +---------+---------+-------+---------+---------+-------
        D:1 |      41 |       3 |   6.8 |      24 |       2 |   7.7
        D:2 |      18 |       0 |   0.0 |       2 |       0 |   0.0
        D:4 |      23 |       0 |   0.0 |       5 |       0 |   0.0
            +---------+---------+-------+---------+---------+-------
